 Dungeon Crawl Stone Soup version 0.24.1-8-ga250c9d538 (webtiles) character file.

Game seed: 11322479278989549327, levelgen mode: deterministic

428 Doot the Magician (level 6, -1/32 HPs)
             Began as a Deep Elf Venom Mage on May 4, 2020.
             Slain by a centaur skeleton (4 damage)
             ... on level 6 of the Dungeon.
             The game lasted 00:08:15 (2860 turns).

Doot the Magician (Deep Elf Venom Mage)             Turns: 2860, Time: 00:08:17

Health: -1/32      AC:  4    Str:  5    XL:     6   Next: 65%
Magic:  1/15       EV: 13    Int: 22    God:
Gold:   99         SH:  0    Dex: 15    Spells: 6/16 levels left

rFire    . . .     SeeInvis .   l - +0 dagger (drain)
rCold    . . .     Gourm    .   (no shield)
rNeg     . . .     Faith    .   a - +0 robe
rPois    .         Spirit   .   (helmet restricted)
rElec    .         Reflect  .   (no cloak)
rCorr    .         Harm     .   (no gloves)
MR       .....     Rnd*Tele +   (no boots)
Stlth    ++........             (no amulet)
HPRegen  0.10/turn              (no ring)
MPRegen  0.14/turn              (no ring)

@: no status effects
A: horns 1, slimy green scales 1, low mp 1, teleportitis 1
a: no special abilities


You were on level 6 of the Dungeon.
You were hungry.

You visited 1 branch of the dungeon, and saw 8 of its levels.

You collected 99 gold pieces.

Inventory:

Hand Weapons
 f - a +0 short sword
 l - a +0 dagger of draining (weapon)
Missiles
 n - 19 poisoned darts (quivered)
Armour
 a - a +0 robe (worn)
Jewellery
 h - an uncursed ring of fire {unknown}
Scrolls
 d - 4 scrolls of remove curse {unknown}
 e - a scroll of amnesia {unknown}
 j - 3 scrolls of identify {unknown}
 k - a scroll of magic mapping {unknown}
Potions
 g - a potion of invisibility {unknown}
 i - a potion of brilliance {unknown}
 o - a potion of might {unknown}
Comestibles
 b - a chunk of flesh
 c - 5 rations


   Skills:
 + Level 0.2 Fighting
 + Level 1.2 Short Blades
 + Level 3.3 Dodging
 + Level 3.0 Stealth
 + Level 5.9 Spellcasting
 + Level 2.7 Conjurations
 + Level 1.8 Air Magic
 + Level 5.1 Poison Magic


You had 6 spell levels left.
You knew the following spells:

 Your Spells              Type           Power        Failure   Level  Hunger
a - Sting                 Conj/Pois      ###.         1%          1    None
b - Poisonous Vapours     Pois/Air       ###...       3%          2    None
c - Mephitic Cloud        Conj/Pois/Air  ###.....     8%          3    #......
d - Olgreb's Toxic Radia  Pois           ####....     11%         4    ###....

Your spell library contained the following spells:

 Spells                   Type           Power        Failure   Level  Hunger
 Venom Bolt               Conj/Pois      ###.......   45%         5    #####..


Dungeon Overview and Level Annotations

Branches:
Dungeon (8/15)
 Temple: D:4-7         Lair: D:8-11

Altars:
Hepliaklqana
Makhleb
Nemelex Xobeh
Ru
Sif Muna
Wu Jian

Shops:
D:7 !

Annotations:
D:4 Menkaure
D:6 2 transporters, Zing's ghost, novice DsNe


Innate Abilities, Weirdness & Mutations

You have a pair of small horns on your head.
You are partially covered in slimy green scales. (AC +2)
Your magical capacity is low. (-10% MP)
You are occasionally teleported next to monsters.


Message History

Aim: an adder (moderately wounded, poisoned)
The sting misses the adder.
The adder looks even sicker.
You kill the leopard gecko!
Your toxic aura wanes.
The adder bites you but does no damage. The centaur skeleton misses you.
The centaur skeleton barely misses you. The adder bites you.
* * * LOW HITPOINT WARNING * * *
Unknown command.
You kill the adder!
Unknown command.
The centaur skeleton hits you.
* * * LOW HITPOINT WARNING * * *
It was a potion of mutation.
You feel extremely strange. A pair of horns grows on your head!
You feel weirdly uncertain.
You feel less energetic.
Slimy green scales grow over part of your body.
The centaur skeleton hits you.
* * * LOW HITPOINT WARNING * * *
The centaur skeleton hits you.
You die...

#...#.......
!#.
#..©#.....©
##..#......
##.#..#8#.#
#.#..###.#
#.#nZZ....
#.#VWM....
#Z########
#.@.......
#########.


You could see a vampire, a necrophage, a mummy, Zing's ghost, an adder skeleton,
a hound skeleton and a centaur skeleton.

Vanquished Creatures
  An ogre (D:7)
  A bullfrog (D:7)
  A scorpion (D:4)
  A crimson imp (D:5)
  3 worker ants
  5 adders
  An adder skeleton (D:4)
  3 worms
  A dart slug (D:3)
  4 leopard geckos
  7 orcs
  3 bats
  4 giant cockroaches
  4 goblins
  3 hobgoblins (D:2)
  2 jackals (D:3)
  2 quokkas
  A ball python (D:4)
  7 frilled lizards
  4 kobolds
  A quokka skeleton (D:4)
  3 rats
62 creatures vanquished.

Notes
Turn   | Place    | Note
-------+----------+-------------------------------------------
     0 | D:1      | Doot the Deep Elf Venom Mage began the quest for the Orb.
     0 | D:1      | Reached XP level 1. HP: 10/10 MP: 6/6
   431 | D:1      | Reached XP level 2. HP: 15/15 MP: 6/8
   435 | D:1      | Learned a level 2 spell: Poisonous Vapours
   728 | D:1      | Reached XP level 3. HP: 19/19 MP: 0/10
   733 | D:1      | Learned a level 3 spell: Mephitic Cloud
  1160 | D:2      | Found an ornate altar of the Wu Jian Council.
  1382 | D:3      | Reached XP level 4. HP: 24/24 MP: 9/12
  1528 | D:3      | Found a burning altar of Makhleb.
  1528 | D:3      | Noticed a balrug
  1564 | D:4      | Reached skill level 1 in Air Magic
  1663 | D:4      | Reached skill level 5 in Spellcasting
  1663 | D:4      | Reached XP level 5. HP: 28/28 MP: 5/14
  1773 | D:4      | Noticed Menkaure
  1800 | D:5      | Entered Level 5 of the Dungeon
  2274 | D:4      | Found a sacrificial altar of Ru.
  2274 | D:4      | Found a hazy altar of Hepliaklqana.
  2370 | D:4      | Learned a level 4 spell: Olgreb's Toxic Radiance
  2648 | D:5      | You fall into a shaft and drop 3 floors!
  2654 | D:8      | Noticed a troll
  2657 | D:8      | Reached XP level 6. HP: 27/32 MP: 9/16
  2784 | D:7      | Found a shimmering blue altar of Sif Muna.
  2789 | D:7      | Reached skill level 1 in Short Blades
  2800 | D:7      | Reached skill level 5 in Poison Magic
  2804 | D:7      | Noticed an ice beast
  2809 | D:7      | Found a sparkling altar of Nemelex Xobeh.
  2810 | D:7      | Found Miupira's Distillery.
  2826 | D:7      | Noticed an orc warrior
  2831 | D:6      | Found a transporter.
  2846 | D:6      | Found a transporter.
  2847 | D:6      | Noticed Zing's ghost (novice DsNe)
  2848 | D:6      | Noticed a vampire
  2860 | D:6      | Gained mutation: You have a pair of small horns on your
                  | head. [potion of mutation]
  2860 | D:6      | Gained mutation: You are occasionally teleported next to
                  | monsters. [potion of mutation]
  2860 | D:6      | Gained mutation: Your magical capacity is low. (-10% MP)
                  | [potion of mutation]
  2860 | D:6      | Gained mutation: You are partially covered in slimy green
                  | scales. (AC +2) [potion of mutation]
  2860 | D:6      | Slain by a centaur skeleton

Levels and vault maps discovered:
D:1:      dpeg_arrival_round_a, layout_loops_corners, hangedman_decor_growths
D:2:      layout_rooms, old_standard_altar, nrook_uturn,
          minmay_fractal_squares_gapless_5
D:3:      layout_loops_cross, makhleb_altar_promises_db, first_ration
D:4:      layout_rooms, chequers_temple_overflow_statue_of_worship, hex_medium,
          uniq_menkaure
D:5:      layout_rooms, nicolae_ashenzari_panopticon, basic_altar
D:6:      layout_cave_pools, vehumet_altar_wand_db, overflow_temple_1_default,
          minmay_temple_entry_from_below_a, gammafunk_ghost_mausoleum
D:7:      gammafunk_steamed_eel, layout_cave_pods, kennysheep_little_box,
          lemuel_round_altar, old_standard_altar, lemuel_crystal_altar,
          nemelex_xobeh_ov_fountains_minmay, serial_shops, shop,
          uniq_prince_ribbit1
D:8:      layout_loops_cross, tgw_fedhas, dpeg_oklobed_lair, david_nohive_1

Skill      XL: |  1  2  3  4  5  6 |
---------------+-------------------+-----
Poison Magic   | 4 5 |  5.1
Spellcasting   | 4 5 |  5.9
Conjurations   | 2 |  2.7
Air Magic      | 1 |  1.8
Dodging        | 3 |  3.3
Short Blades   | 1 |  1.2
Stealth        | 3 |  3.0
Fighting       | |  0.2

Action                   |  1- 3 |  4- 6 || total
-------------------------+-------+-------++-------
Melee: Short sword       |       |     1 ||     1
       Dagger            |       |    35 ||    35
 Cast: Sting             |    51 |    40 ||    91
       Poisonous Vapours |    16 |    18 ||    34
       Olgreb's Toxic Ra |       |     4 ||     4
       Mephitic Cloud    |       |     1 ||     1
  Use: Potion            |       |     1 ||     1
 Stab: Sleeping          |       |     2 ||     2
  Eat: Chunk             |     2 |     4 ||     6
Armor: Robe              |     4 |     5 ||     9
Dodge: Dodged            |    17 |    53 ||    70
